 Dungeon Crawl Stone Soup version 0.21-a0-49-g7bf2ba4 (webtiles) character file.

246 HAL9000 the Cudgeler (level 6, -3/62 HPs)
             Began as an Ogre Hunter on June 9, 2017.
             Killed from afar by an orc wizard (6 damage)
             ... with a magic dart
             ... on level 3 of the Dungeon.
             The game lasted 00:08:06 (3451 turns).

HAL9000 the Cudgeler (Ogre Hunter)                  Turns: 3451, Time: 00:08:07

Health: -3/62      AC:  5    Str: 19    XL:     6   Next: 11%
Magic:  6/6        EV: 10    Int: 12    God:
Gold:   186        SH:  0    Dex:  9    Spells: 5/5 levels left

rFire    + . .     SeeInvis .   w - +1 mace (holy)
rCold    . . .     Gourm    .   (no shield)
rNeg     . . .     Faith    .   b - +0 robe
rPois    .         Spirit   .   n - +1 hat
rElec    .         Reflect  .   D - +0 cloak
rCorr    .         Harm     .   (gloves unavailable)
MR       +....                  (boots unavailable)
Stlth    +.........             y - amulet of rage
Regen    0.2/turn               q - ring of protection from fire
MPRegen  0.1/turn               v - ring of protection from magic

@: no status effects
A: unfitting armour, tough skin 1
a: Evoke Berserk Rage


You were on level 3 of the Dungeon.
You were hungry.

You visited 1 branch of the dungeon, and saw 4 of its levels.

You collected 186 gold pieces.

Inventory:

Hand Weapons
 w - a +1 mace of holy wrath (weapon)
Missiles
 c - 2 large rocks (quivered)
 d - 2 throwing nets
 x - 4 tomahawks
Armour
 b - a +0 robe (worn)
 n - a +1 hat (worn)
 D - a +0 cloak (worn)
Jewellery
 q - a ring of protection from fire (left hand)
 v - a ring of protection from magic (right hand)
 y - an amulet of rage (around neck)
Scrolls
 g - 4 scrolls of remove curse {unknown}
 h - a scroll of blinking {unknown}
 o - a scroll of immolation {unknown}
 s - 2 scrolls of fear {unknown}
 u - a scroll of identify {unknown}
 A - a scroll of teleportation {unknown}
 B - a scroll of magic mapping {unknown}
Potions
 i - 2 potions of degeneration {unknown}
 l - 2 potions of brilliance {unknown}
 p - a potion of agility {unknown}
 z - a potion of curing {unknown}
 C - a potion of heal wounds {unknown}
 E - a potion of mutation {unknown}
Comestibles
 f - 2 bread rations
 m - 2 royal jellies
 t - a meat ration


   Skills:
 - Level 4.0 Fighting
 + Level 4.7 Maces & Flails
 - Level 4.0 Throwing
 - Level 1.7 Dodging
 - Level 0.6 Stealth


You had 5 spell levels left.
You didn't know any spells.

Dungeon Overview and Level Annotations

Branches:
Dungeon (4/15)
 Temple: D:4-7

Altars:
Okawaru


Innate Abilities, Weirdness & Mutations

You are too large for most types of armour.
You have tough skin. (AC +1)


Message History

* * * LOW HITPOINT WARNING * * *
You thump the orc!
You kill the orc!
Something hits you.
* * * LOW HITPOINT WARNING * * *
The orc hits you with a whip.
* * * LOW HITPOINT WARNING * * *
Unknown command.
Unknown command.
You are feeling hungry.
You hear some strange, mumbled words.
A magic dart appears from out of thin air!
The magic dart hits you!
* * * LOW HITPOINT WARNING * * *
The orc barely misses you. A mysterious force pulls you upwards.
The hatch slams shut behind you.
You hear some strange, mumbled words.
A magic dart appears from out of thin air!
The magic dart hits you!
You die...

##### ##...# ##.#...
#########.##.##
#..............
#####.######.#.#...
#.@.o.......##.....
#.##............#..
#.##..#...#)...###.
#.##..#.#..).......
#.##..#.##...#...).
###.##..#.##..##.._..
#.........##...#.).).
#.#.##..####.........
#.#..............###.


You could see an orc.

Vanquished Creatures
  An ogre (D:4)
  An orc wizard (D:4)
  3 adders (D:2)
  2 oozes
  3 worms (D:2)
  3 dart slugs
  6 leopard geckos
  3 orcs
  10 bats
  5 giant cockroaches
  7 goblins
  5 hobgoblins
  7 jackals (D:2)
  2 quokkas
  5 frilled lizards
  7 kobolds
  A leopard gecko skeleton (D:4)
  4 rats
75 creatures vanquished.

Notes
Turn   | Place    | Note
-------+----------+-------------------------------------------
     0 | D:1      | HAL9000 the Ogre Hunter began the quest for the Orb.
     0 | D:1      | Reached XP level 1. HP: 22/22 MP: 1/1
   194 | D:1      | Reached XP level 2. HP: 14/32 MP: 2/2
   679 | D:1      | Reached skill level 1 in Maces & Flails
   679 | D:1      | Reached XP level 3. HP: 29/39 MP: 3/3
  1599 | D:2      | Reached XP level 4. HP: 48/48 MP: 4/4
  2503 | D:3      | Found an iron altar of Okawaru.
  2551 | D:3      | Found an iron altar of Okawaru.
  2557 | D:3      | Reached XP level 5. HP: 49/54 MP: 5/5
  3169 | D:4      | Noticed an ogre
  3215 | D:4      | Killed an ogre
  3443 | D:4      | Reached XP level 6. HP: 27/62 MP: 6/6
  3448 | D:4      | HP: 2/62 [something/magic dart (6)]
  3451 | D:3      | Killed from afar by an orc wizard

Vault maps used:
D:1:      dpeg_arrival_simpleton_c
D:2:      wad_river_or_something, first_bread, grunt_ministairs_9
D:3:      lemuel_doored_altar, okawaru_ov_weapons_minmay

Skill      XL: |  1  2  3  4  5 |
---------------+----------------+-----
Fighting       | 3 4 |  4.0
Maces & Flails | 1 2 3 4 |  4.7
Throwing       | |  4.0
Dodging        | |  1.7
Stealth        | |  0.6

Action                   |  1- 3 |  4- 6 || total
-------------------------+-------+-------++-------
Melee: Short sword       |    50 |       ||    50
       Whip              |    84 |       ||    84
       Mace              |    36 |   128 ||   164
Throw: Large rock        |       |     5 ||     5
 Stab: Sleeping          |     2 |       ||     2
  Eat: Chunk             |     2 |     6 ||     8
Armor: Robe              |    65 |    29 ||    94
Dodge: Dodged            |   132 |    72 ||   204
